 Dungeon Crawl Stone Soup version 0.30.1-4-g462c640d31 (webtiles) character file.

Game seed: 9250523770780579303

4165 ScarCow the Skirmisher (level 10, 0/52 HPs)
             Began as a Deep Elf Hexslinger on Aug 24, 2023.
             Was a Believer of Fedhas.
             Killed from afar by an acid dragon (30 damage)
             ... with a splash of acid
             ... on level 9 of the Dungeon.
             The game lasted 01:32:17 (8702 turns).

ScarCow the Skirmisher (Deep Elf Hexslinger)        Turns: 8702, Time: 01:32:18

Health: 0/52       AC: 13    Str:  7    XL:     10   Next: 7%
Magic:  12/17      EV: 17    Int: 27    God:    Fedhas [**....]
Gold:   468        SH:  0    Dex: 17    Spells: 5/16 levels left

rFire   . . .        a - +2 sling
rCold   . . .        k - orb {light}
rNeg    . . .        H - +0 steam dragon scales
rPois   .            (no helmet)
rElec   .            (no cloak)
rCorr   .            t - +0 pair of gloves
SInv    .            l - +2 pair of boots
Will    +....        n - amulet of the acrobat
Stlth   +            e - +4 ring of protection
HPRegen 0.28/turn    q - +6 ring of intelligence
MPRegen 0.15/turn

%: acrobat
@: glowing
A: no striking features
a: Renounce Religion, Wall of Briars


You were on level 9 of the Dungeon.
You worshipped Fedhas.
Fedhas was pleased with you.
You visited 2 branches of the dungeon, and saw 10 of its levels.

You collected 468 gold pieces.

Inventory:

Hand Weapons
 a - a +2 sling (weapon)
 b - a +2 hand axe of electrocution
 G - a +0 shortbow
Missiles
 f - 26 poisoned darts
 D - a curare-tipped dart
Armour
 c - a +1 robe
 k - an orb of light (worn)
 l - a +2 pair of boots (worn)
 t - a +0 pair of gloves (worn)
 H - +0 steam dragon scales (worn)
Jewellery
 e - a +4 ring of protection (left hand)
 n - an amulet of the acrobat (around neck)
 q - a +6 ring of intelligence (right hand)
 r - a ring of flight
 y - a ring of poison resistance
 B - a +6 ring of strength
 F - a +4 ring of protection
Wands
 s - a wand of light (5)
 v - a wand of flame (11)
 x - a wand of paralysis (18)
Scrolls
 d - 4 scrolls of noise
 g - 2 scrolls of poison
 j - a scroll of fog
 o - 5 scrolls of teleportation
 p - a scroll of amnesia {unknown}
 u - a scroll of summoning {unknown}
 w - a scroll of silence
 A - 2 scrolls of fear
 C - 2 scrolls of magic mapping
 I - a scroll of enchant armour
Potions
 h - 2 potions of invisibility
 i - a potion of flight {unknown}
 m - 3 potions of curing
 z - a potion of brilliance {unknown}
 E - a potion of mutation {unknown}


   Skills:
 - Level 1.3 Fighting
 + Level 3.5 Axes
 - Level 14.0 Ranged Weapons
 * Level 8.4 Dodging
 + Level 3.9 Spellcasting
 - Level 7.4 Hexes


You had 5 spell levels left.
You knew the following spells:

 Your Spells              Type           Power      Damage    Failure   Level
a - Slow                  Hex            100%       N/A       1%          1
b - Portal Projectile     Hex/Tloc       50%        N/A       5%          3
c - Inner Flame           Hex/Fire       25%        N/A       5%          3
d - Cause Fear            Hex            22%        N/A       3%          4

Your spell library contained the following spells:

 Spells                   Type           Power      Damage    Failure   Level
 Tukima's Dance           Hex            45%        N/A       1%          3
 Necrotise                Necr           20%        1d5       9%          1
 Shock                    Conj/Air       20%        1d4       9%          1
 Scorch                   Fire           10%        2d5       12%         2
 Gell's Gravitas          Tloc           5%         N/A       24%         3
 Ozocubu's Armour         Ice            5%         N/A       24%         3
 Swiftness                Air            5%         N/A       24%         3
 Teleport Other           Tloc           5%         N/A       24%         3
 Vampiric Draining        Necr           5%         2d6       24%         3
 Yara's Violent Unravell  Hex/Tmut       12%        3d7       43%         5
 Airstrike                Air            2%         2d(1-17)  63%         4
 Flame Wave               Conj/Fire      5%         2d5       63%         4
 Passage of Golubria      Tloc           5%         N/A       63%         4
 Agony                    Necr           5%         N/A       92%         5
 Dispersal                Tloc           2%         N/A       100%        6
 Summon Cactus Giant      Summ           2%         N/A       100%        6
 Ozocubu's Refrigeration  Ice            2%         4d8       100%        7


Dungeon Overview and Level Annotations

Branches:
Dungeon (9/15)             Temple (1/1) D:6
   Lair: D:8-11         Orc: D:9-12

Altars:
Ashenzari
Cheibriados
Dithmenos
Elyvilon
Fedhas
Gozag
Hepliaklqana
Kikubaaqudgha
Makhleb
Nemelex Xobeh
Okawaru
Qazlal
Ru
Sif Muna
Trog
Uskayaw
Vehumet
Wu Jian
Xom
Yredelemnul
Zin
The Shining One

Shops:
D:4 :   D:6 *   D:8 ([

Annotations:
D:7 3 runed translucent doors, Almogavar's ghost, novice TeCj


Message History

The acid dragon resists with significant effort.
The acid dragon misses you.
The acid dragon claws you but does no damage.
Casting: Slow (safe; 1% risk of failure)
Confirm with . or Enter, or press ? or * to list all spells.
Aiming: Slow (safe; 1% risk of failure)
Press: ? - help, Shift-Dir - straight line, f/p - acid dragon
Aim: an acid dragon (heavily wounded, haloed, chance to affect: 56%)
The acid dragon resists with significant effort.
The acid dragon closely misses you. The acid dragon completely misses you.
Casting: Slow (safe; 1% risk of failure)
Confirm with . or Enter, or press ? or * to list all spells.
Aiming: Slow (safe; 1% risk of failure)
Press: ? - help, Shift-Dir - straight line, f/p - acid dragon
Aim: an acid dragon (heavily wounded, haloed, chance to affect: 56%)
The acid dragon resists with significant effort.
The acid dragon closely misses you. The acid dragon claws you.
Casting: Slow (safe; 1% risk of failure)
Confirm with . or Enter, or press ? or * to list all spells.
Aiming: Slow (safe; 1% risk of failure)
Press: ? - help, Shift-Dir - straight line, f/p - acid dragon
Aim: an acid dragon (heavily wounded, haloed, chance to affect: 56%)
The acid dragon seems to slow down.
The acid dragon spits acid at you. The splash of acid misses you.
You shoot a sling bullet.
The sling bullet barely misses the acid dragon.
You shoot a sling bullet. The sling bullet hits the acid dragon.
The acid dragon is severely wounded.
You shoot a sling bullet.
The sling bullet hits the acid dragon but does no damage.
The acid dragon is severely wounded.
You shoot a sling bullet.
The sling bullet hits the acid dragon but does no damage.
The acid dragon is severely wounded.
The acid dragon spits acid at you. The splash of acid hits you!!
Ouch! That really hurt!
You die...
Fedhas appreciates your contribution to the ecosystem.

#....# ..######....#
............# ............#
######## #..........######.......
#....................###
#....................#
#......@.......).....#
#....................#
####...).D..............#
........................# #####
#######.###############.#
....####.#.##.##.#.####....##.#
#....)###.##...##.###.....#.#.###
##....)..#...8.[.#.......####....
#.#.....#..#...#..#.....#.# #..##


You could see an acid dragon (slow, catching breath).

Vanquished Creatures
  Amaemon (D:8)
  An orange demon (D:8)
  A troll (D:6)
  A wraith (D:5)
  A wyvern (D:8)
  2 steam dragons
  2 water moccasins
  An orc warrior (D:8)
  A sky beast (D:7)
  An ogre (D:6)
  2 centaurs
  A phantom (D:4)
  2 kobold brigands
  4 bullfrogs
  A gnoll sergeant (D:6)
  3 scorpions
  5 wights (D:9)
  3 killer bees
  A howler monkey (D:7)
  2 jellies
  3 orc priests
  2 hounds
  6 iguanas
  A sleepcap (D:6)
  9 orc wizards
  4 gnolls (D:6)
  5 adders
  A white imp (D:5)
  An ufetubus (D:4)
  A worm (D:3)
  A dart slug (D:1)
  23 orcs
  4 bats
  3 endoplasms
  3 giant cockroaches (D:1)
  4 hobgoblins
  3 quokkas
  6 ball pythons
  3 frilled lizards (D:3)
  8 goblins
  8 kobolds
  3 rats
138 creatures vanquished.

Notes
Turn   | Place    | Note
-------+----------+-------------------------------------------
     0 | D:1      | ScarCow the Deep Elf Hexslinger began the quest for the
                  | Orb.
     0 | D:1      | Reached XP level 1. HP: 11/11 MP: 5/5
    93 | D:1      | Reached skill level 3 in Ranged Weapons
   205 | D:1      | Reached XP level 2. HP: 16/16 MP: 6/6
   526 | D:1      | Reached skill level 4 in Ranged Weapons
  1083 | D:2      | Reached XP level 3. HP: 18/20 MP: 7/7
  1437 | D:3      | Found a bloodstained altar of Trog.
  1612 | D:3      | Reached skill level 5 in Ranged Weapons
  1969 | D:3      | Learned a level 3 spell: Portal Projectile
  2326 | D:4      | Reached skill level 6 in Ranged Weapons
  2326 | D:4      | Reached XP level 4. HP: 24/24 MP: 6/8
  2509 | D:4      | Found a shadowy altar of Dithmenos.
  2666 | D:4      | Noticed a scorpion
  2686 | D:4      | Killed a scorpion
  2687 | D:4      | Reached skill level 7 in Ranged Weapons
  2687 | D:4      | Reached XP level 5. HP: 28/28 MP: 9/9
  2753 | D:4      | Found Uzi Raosch's Book Emporium.
  2782 | D:4      | Learned a level 3 spell: Inner Flame
  3077 | D:4      | Reached skill level 8 in Ranged Weapons
  3140 | D:4      | Reached XP level 6. HP: 29/33 MP: 0/10
  3307 | D:5      | Entered Level 5 of the Dungeon
  3339 | D:5      | Noticed a water moccasin
  3375 | D:5      | Killed a water moccasin
  3376 | D:5      | Reached skill level 9 in Ranged Weapons
  3906 | D:5      | Noticed a wraith
  3931 | D:4      | Reached skill level 10 in Ranged Weapons
  3931 | D:4      | Reached XP level 7. HP: 20/37 MP: 11/11
  4170 | D:6      | Noticed a troll
  4221 | D:6      | Found Qurote's Neck Hole.
  4290 | D:6      | Reached skill level 11 in Ranged Weapons
  4346 | D:6      | Noticed a steam dragon
  4781 | D:6      | Reached skill level 12 in Ranged Weapons
  4896 | D:6      | Killed a steam dragon
  4897 | D:6      | Reached XP level 8. HP: 24/42 MP: 12/12
  5107 | D:6      | Reached skill level 13 in Ranged Weapons
  5222 | D:6      | Found a staircase to the Ecumenical Temple.
  5230 | Temple   | Entered the Ecumenical Temple
  5435 | Temple   | Became a worshipper of Fedhas Madash
  5751 | D:5      | Reached skill level 5 in Hexes
  5816 | D:6      | Killed a troll
  6299 | D:7      | Reached skill level 14 in Ranged Weapons
  6526 | D:7      | Reached skill level 1 in Fighting
  6526 | D:7      | Reached XP level 9. HP: 47/47 MP: 10/13
  6533 | D:7      | Learned a level 4 spell: Cause Fear
  6759 | D:7      | Noticed Almogavar's ghost (novice TeCj)
  6760 | D:7      | Found a runed translucent gate.
  6761 | D:7      | Found a runed translucent gate.
  6761 | D:7      | Found a runed translucent gate.
  6939 | D:8      | Reached * piety under Fedhas
  6950 | D:8      | Noticed an orange demon
  6959 | D:8      | Killed an orange demon
  6960 | D:8      | Reached skill level 1 in Axes
  6960 | D:8      | Reached skill level 5 in Dodging
  6967 | D:8      | Noticed Amaemon
  7016 | D:8      | Killed Amaemon
  7301 | D:8      | Found Foretiar's Weapon Shoppe.
  7736 | D:8      | Found Enugiag's Armour Shop.
  8315 | D:9      | Reached ** piety under Fedhas
  8316 | D:9      | Reached XP level 10. HP: 52/52 MP: 17/17
  8702 | D:9      | Killed from afar by an acid dragon

Illustrated notes

Levels and vault maps discovered:
D:1:      roderic_crossed_star, layout_basic, grunt_decor_resistance
D:2:      layout_basic
D:3:      layout_basic, trog_butcher_becter, hex_tiny, nicolae_titane
D:4:      layout_basic, nicolae_dithmenos_shadow_blocks, serial_shops,
          nicolae_book_shop_shelving
D:5:      layout_loops_cross, small_statue_intersection
D:6:      layout_loops_ring, minmay_temple_entry_enclosed_plants,
          nicolae_shop_sticking_my_neck_out
D:7:      layout_loops_ring, gammafunk_ghost_nasty_kobolds
D:8:      layout_cave_pods, serial_shops, nicolae_square_shop, shop,
          uniq_amaemon
D:9:      wad_crossroads, layout_irregular_city, serial_column_ruins,
          column_ruins_hut, column_ruins_open_medium,
          column_ruins_corridor_straight, column_ruins_columns_corner,
          column_ruins_open_small, column_ruins_grid_1
Temple:   nicolae_temple_bog_church

Skill      XL: |  1  2  3  4  5  6  7  8  9 |
---------------+----------------------------+-----
Ranged Weapons | 3 4 6 7 8 10 12 14 | 14.0
Hexes          | 7 |  7.4
Fighting       | 1 |  1.3
Dodging        | 8 |  8.4
Axes           | 3 |  3.5
Spellcasting   | 3 |  3.9

Action                     |  1- 3 |  4- 6 |  7- 9 | 10-12 || total
---------------------------+-------+-------+-------+-------++-------
  Melee: Hand axe          |    33 |    29 |    55 |    15 ||   132
         Punch             |     1 |       |       |       ||     1
   Fire: Sling             |    80 |   116 |   330 |    46 ||   572
  Throw: Throwing net      |       |       |     1 |       ||     1
   Cast: Slow              |    28 |    21 |    47 |    13 ||   109
         Portal Projectile |     1 |     1 |     1 |       ||     3
         Inner Flame       |       |       |    10 |     2 ||    12
         Cause Fear        |       |       |     4 |     3 ||     7
  Evoke: Wand              |       |       |     1 |       ||     1
    Use: Scroll            |     9 |     3 |     7 |       ||    19
         Potion            |       |     2 |     5 |       ||     7
 Armour: Robe              |    17 |    33 |    34 |       ||    84
         Steam dragon scal |       |       |     1 |     6 ||     7
  Dodge: Dodged            |    32 |    72 |   118 |    10 ||   232
